 Dungeon Crawl Stone Soup version 0.28.0-43-g3370ac3207 (webtiles) character file.

Game seed: 6213691620797676444

336 smarlow the Ogre Mage (level 6, -2/85 HPs)
             Began as an Ogre Hedge Wizard on Feb 28, 2022.
             Was an Initiate of Vehumet.
             Killed by an exploding hound zombie (16 damage)
             ... ignited by their inner flame
             ... in an ossuary.
             The game lasted 00:12:11 (3818 turns).

smarlow the Ogre Mage (Ogre Hedge Wizard)           Turns: 3818, Time: 00:12:12

Health: -2/85      AC: 23    Str: 15    XL:     6   Next: 54%
Magic:  13/13      EV:  1    Int: 17    God:    Vehumet [......]
Gold:   256        SH:  0    Dex:  8    Spells: 10/14 levels left

rFire   . . .      SeeInvis .   a - +0 dagger
rCold   . . .      Faith    .   (no shield)
rNeg    + . .      Spirit   .   (armour currently unavailable)
rPois   +          Reflect  .   (helmet currently unavailable)
rElec   .          Harm     .   (cloak currently unavailable)
rCorr   .          Rampage  .   (gloves unavailable)
Will    .....      NoTele   +   (boots unavailable)
Stlth   ++........              e - amulet of magic regeneration
HPRegen 0.24/turn               g - ring of positive energy
MPRegen 0.53/turn               (no ring)

@: tree-form
A: stationary, stasis, torment immunity, boosted hp, large, unfitting armour,
(tough skin 1), (horns 1), mutation resistance 1, subdued magic 2
a: Renounce Religion


You were in an ossuary.
You worshipped Vehumet.
Vehumet was noncommittal.
You were a tree.
You visited 2 branches of the dungeon, and saw 6 of its levels.
You also visited: Ossuary.

You collected 256 gold pieces.

Inventory:

Hand Weapons
 a - a +0 dagger (weapon)
Armour
 b - a +0 robe (melded)
 c - a +0 hat (melded)
Jewellery
 e - an amulet of magic regeneration (around neck)
 g - a ring of positive energy (left branch)
Scrolls
 j - 2 scrolls of enchant weapon


   Skills:
 + Level 2.2 Fighting
 + Level 1.2 Armour
 + Level 2.5 Dodging
 + Level 2.2 Stealth
 * Level 4.6 Spellcasting
 * Level 2.6 Conjurations
 + Level 1.8 Summonings
 + Level 2.0 Translocations


You had 10 spell levels left.
You knew the following spells:

 Your Spells              Type           Power      Damage    Failure   Level
a - Magic Dart            Conj           32%        1d4       2%          1
b - Mephitic Cloud        Conj/Pois/Air  4%         N/A       22%         3

Your spell library contained the following spells:

 Spells                   Type           Power      Damage    Failure   Level
 Blink                    Tloc           12%        N/A       6%          2
 Call Imp                 Summ           6%         N/A       7%          2
 Slow                     Hex            8%         N/A       10%         1
 Sublimation of Blood     Necr           2%         N/A       16%         2
 Conjure Flame            Conj/Fire      5%         6-21      19%         3
 Petrify                  Tmut/Erth      2%         N/A       75%         4
 Irradiate                Conj/Tmut      2%         3d14      90%         5


Dungeon Overview and Level Annotations

Branches:
Dungeon (5/15)             Temple (1/1) D:5         Ossuary (1/1)

Altars:
Ashenzari
Cheibriados
Dithmenos
Elyvilon
Makhleb
Trog
Uskayaw
Vehumet
Xom
Yredelemnul
Zin

Annotations:
D:5 1 runed translucent door, jfcaron's ghost, novice KoHu


Innate Abilities, Weirdness & Mutations

You are a tree.
Your roots penetrate the ground, keeping you stationary.
You cannot be teleported.
You are immune to unholy pain and torment.
Your maximum health is greatly increased.
Your equipment is partially melded.
You are too large for most types of armour.
((You have tough skin. (AC +1)))
((You have a pair of small horns on your head.))
You are somewhat resistant to further mutation.
Your spells are easier to cast, but less powerful.


Message History

There is a sand-covered staircase here.
You hear the brisk hiss of an avalanche of sand.
The jackal barely misses you. The jackal bites you.
* * * LOW HITPOINT WARNING * * *
The jackal barely misses you.
The world spins around you as you enter the gateway.
You enter an ossuary!
Found a gate leading back out of this place.
There is an empty arch of ancient stone here.
Okay, then.
Okay, then.
Really read the scroll of immolation?
As you read the scroll of immolation, it crumbles to dust.
The creatures around you are filled with an inner flame!
It was a potion of lignification.
You turn into a tree.
Your +0 hat melds into your body.
Your +0 robe melds into your body.
Your roots penetrate the ground.
It was a potion of curing.
You feel better.
You completely miss the hound zombie.
The hound zombie bites you but does no damage. x2
You hit the hound zombie.
Flame seeps out of the hound zombie.
The hound zombie is lightly damaged.
The hound zombie is engulfed in blazing flames.
Flame seeps out of the hound zombie.
The hound zombie bites you but does no damage. x2
You barely miss the hound zombie.
The hound zombie is heavily damaged.
The hound zombie is engulfed in blazing flames.
Flame seeps out of the hound zombie.
The hound zombie bites you but does no damage. x2
The hound zombie is engulfed in blazing flames.
Vehumet accepts your kill.
The hound zombie explodes!
The fiery explosion engulfs the human zombie!!!
Flame seeps out of the human zombie.
The human zombie is severely damaged.
The fiery explosion engulfs the orc zombie!
Vehumet accepts your kill. The fiery explosion engulfs you!
You die...

...............
...............
...............
...............
...............
......§§Z......
....Z.§○Z......
.....Z§♣§Z.....
......ZZZ......
....Z...Z......
...............
...............
...............
...............
...............


You could see a rat zombie (inner flame), a hound zombie (inner flame), 2 goblin
zombies, a hobgoblin zombie (inner flame), 2 kobold zombies, an orc zombie
(inner flame) and 2 human zombies.

Vanquished Creatures
  A centaur (D:3)
  A jelly (D:5)
  2 hounds
  An iguana (D:5)
  A hound zombie (Ossuary)
  A hound skeleton (D:3)
  3 adders
  An ufetubus (D:5)
  2 worms
  3 dart slugs
  An orc (D:3)
  A ball python (D:1)
  3 bats
  7 endoplasms
  3 giant cockroaches
  15 goblins
  10 hobgoblins
  4 jackals
  4 quokkas
  6 frilled lizards
  2 kobolds
  An orc zombie (Ossuary)
  6 rats
79 creatures vanquished.

Notes
Turn   | Place    | Note
-------+----------+-------------------------------------------
     0 | D:1      | smarlow the Ogre Hedge Wizard began the quest for the Orb.
     0 | D:1      | Reached XP level 1. HP: 16/16 MP: 5/5
    89 | D:1      | Reached skill level 1 in Conjurations
    93 | D:1      | Reached skill level 1 in Summonings
    93 | D:1      | Reached skill level 1 in Translocations
   252 | D:1      | Reached XP level 2. HP: 24/24 MP: 2/6
   907 | D:1      | Reached XP level 3. HP: 30/32 MP: 8/8
  1165 | D:2      | Found a bloodstained altar of Trog.
  1510 | D:2      | Reached skill level 4 in Spellcasting
  1661 | D:2      | Reached skill level 1 in Fighting
  1950 | D:2      | Reached XP level 4. HP: 41/41 MP: 8/10
  2379 | D:3      | Gained mutation: You passively map a small area around you.
                  | [potion of mutation]
  2379 | D:3      | Gained mutation: You passively map the area around you.
                  | [potion of mutation]
  2719 | D:3      | Learned a level 3 spell: Mephitic Cloud
  2818 | D:3      | Noticed a centaur
  2836 | D:3      | Killed a centaur
  2837 | D:3      | Reached XP level 5. HP: 13/49 MP: 8/11
  3318 | D:3      | Lost mutation: You passively map the area around you.
                  | [potion of mutation]
  3318 | D:3      | Lost mutation: You passively map a small area around you.
                  | [potion of mutation]
  3318 | D:3      | Gained mutation: Your spells are a little easier to cast,
                  | but a little less powerful. [potion of mutation]
  3318 | D:3      | Gained mutation: You have a pair of small horns on your
                  | head. [potion of mutation]
  3318 | D:3      | Gained mutation: Your spells are easier to cast, but less
                  | powerful. [potion of mutation]
  3318 | D:3      | Gained mutation: You are somewhat resistant to further
                  | mutation. [potion of mutation]
  3384 | D:4      | Reached skill level 1 in Armour
  3442 | D:4      | Noticed an ogre
  3454 | D:4      | Noticed an ogre
  3462 | D:5      | Entered Level 5 of the Dungeon
  3462 | D:5      | Found a staircase to the Ecumenical Temple.
  3475 | Temple   | Entered the Ecumenical Temple
  3482 | Temple   | Reached XP level 6. HP: 42/57 MP: 6/12
  3491 | Temple   | Became a worshipper of Vehumet
  3758 | D:5      | Found a runed translucent door.
  3758 | D:5      | Noticed jfcaron's ghost (novice KoHu)
  3765 | D:5      | Found a sand-covered staircase.
  3801 | D:5      | HP: 2/57 [jackal (2)]
  3812 | Ossuary  | Entered an ossuary
  3818 | Ossuary  | Killed by an exploding hound zombie... ignited by their
                  | inner flame

Illustrated notes

Levels and vault maps discovered:
D:1:      saegor_arrival_simple_e, layout_loops_ring, serial_co_window_serial,
          co_window_paths_a, co_window_paths_b, co_window_paths_a,
          co_window_paths_a, co_window_paths_b, co_window_cross_1,
          co_window_paths_a, co_window_corner_a, co_window_cross_1,
          co_window_corner_b, co_window_cross_3, co_window_of_opportunity_c,
          co_window_4corner_a, chequers_serial_rivers_small_3
D:2:      cheibrodos_greedy_goblins, layout_basic, basic_altar,
          chequers_serial_rivers_room_b, kennysheep_generic_room_16
D:3:      layout_rooms
D:4:      layout_rooms
D:5:      layout_rooms, nemelex_altar_shiori, grunt_temple_overflow_open,
          minmay_temple_entry_arrows, serial_shops, nicolae_shop_crystal,
          enter_ossuary_1, ebering_ghost_reflecting_pool, cheibrodos_gnoll_hut
Temple:   cyrus_circular_temple
Ossuary:  ossuary_minmay_tomb_2a

Skill      XL: |  1  2  3  4  5  6 |
---------------+-------------------+-----
Conjurations   | 1 2 |  2.6
Summonings     | 1 |  1.8
Translocations | 1 2 |  2.0
Dodging        | 2 |  2.5
Spellcasting   | 4 |  4.6
Fighting       | 1 2 |  2.2
Stealth        | 2 |  2.2
Armour         | 1 |  1.2

Action                   |  1- 3 |  4- 6 || total
-------------------------+-------+-------++-------
Melee: Dagger            |    59 |    24 ||    83
       Punch             |     1 |       ||     1
       Headbutt          |       |     2 ||     2
 Cast: Magic Dart        |   123 |   149 ||   272
       Mephitic Cloud    |       |     1 ||     1
  Use: Scroll            |       |     6 ||     6
       Potion            |       |     4 ||     4
 Stab: Confused          |       |     2 ||     2
Armor: Robe              |    32 |    28 ||    60
       Skin              |       |     6 ||     6
Dodge: Dodged            |    52 |    70 ||   122
